 Dungeon Crawl Stone Soup version 0.28.0-49-g6dfe1f597d (webtiles) character file.

Game seed: 6891658706973657263

169192 Zeld the Fighter (level 17, -8/152 HPs)
             Began as a Pale Draconian Conjurer on May 16, 2022.
             Was a High Priest of Vehumet.
             Mangled by Donald
             ... wielding a +1 scimitar of electrocution
              (18 damage)
             ... on level 1 of the Spider Nest.
             The game lasted 01:42:11 (53250 turns).

Zeld the Fighter (Pale Draconian Conjurer)         Turns: 53250, Time: 01:42:12

Health: -8/152     AC: 14    Str:  9    XL:     17   Next: 35%
Magic:  8/32       EV: 15    Int: 23    God:    Vehumet [*****.]
Gold:   336        SH:  5    Dex: 13    Spells: 1/38 levels left

rFire   . . .      SeeInvis +   a - +7 Throatcutter {drain, coup de grace}
rCold   . . .      Faith    .   A - +2 buckler of Solemn New Discoveries {Harm SInv}
rNeg    + . .      Spirit   .   (armour unavailable)
rPois   +          Reflect  .   p - +1 hat {Stlth+}
rElec   .          Harm     +   L - +2 ratskin cloak {*Rats rPois rN+ Str-1 Int-1 Dex+1}
rCorr   .          Rampage  .   (no gloves)
Will    ++...      Clarity  +   c - +0 pair of boots
Stlth   +++++.....              o - amulet of regeneration
HPRegen 1.15/turn               E - ring of willpower
MPRegen 0.23/turn               J - ring of flight

@: flying
A: breathe steam, AC +9, unfitting armour, cold-blooded, steam resistance,
stinger 1, see invisible, clarity
a: Breathe Steam, Renounce Religion


You were on level 1 of the Spider Nest.
You worshipped Vehumet.
Vehumet was extremely pleased with you.
You visited 7 branches of the dungeon, and saw 29 of its levels.
You also visited: Bailey, Ice Cave and Volcano.

You collected 2861 gold pieces.
You spent 2525 gold pieces at shops.

Inventory:

Hand Weapons
 a - the +7 Throatcutter (weapon) {drain, coup de grace}
   (You took it off Terence on level 2 of the Dungeon)

   A truly terrible weapon, it drains the life of any living foe it strikes.
   It may instantly kill foes which have little health.
 b - the +6 whip of Naurch {spect, rCorr Dex+3 Stlth+}
   (You took it off a gnoll on level 10 of the Dungeon)

   When its wielder attacks, the weapon's spirit leaps out and strikes again.
   The spirit shares a part of any damage it takes with its wielder.
   Dex:       It affects your dexterity (+3).
   rCorr:     It protects you from acid and corrosion.
   Stlth:     It makes you more stealthy.
Missiles
 B - 11 javelins
Armour
 c - a +0 pair of boots (worn)
 p - a +1 hat of stealth (worn)
 A - the +2 buckler of Solemn New Discoveries (worn) {Harm SInv}
   (You bought it in a shop on level 1 of the Orcish Mines)

   SInv:      It lets you see invisible.
   Harm:      It increases damage dealt and taken.
 L - the +2 ratskin cloak (worn) {*Rats rPois rN+ Str-1 Int-1 Dex+1}
   (You bought it in a shop on level 1 of the Orcish Mines)

   When the wearer is hurt, rats may emerge from it to assist them.
   Str:       It affects your strength (-1).
   Int:       It affects your intelligence (-1).
   Dex:       It affects your dexterity (+1).
   rPois:     It protects you from poison.
   rN:        It protects you from negative energy.
Jewellery
 o - an amulet of regeneration (around neck)
 E - a ring of willpower (left hand)
 H - a ring of see invisible
 J - a ring of flight (right hand)
Wands
 f - a wand of iceblast (28)
 j - a wand of paralysis (18)
 s - a wand of flame (57)
 w - a wand of polymorph (25)
 z - a wand of acid (6)
 D - a wand of mindburst (23)
 K - a wand of digging (12)
Scrolls
 e - 3 scrolls of enchant armour
 i - 2 scrolls of brand weapon
 m - 11 scrolls of identify
 q - 5 scrolls of silence
 t - a scroll of amnesia
 x - a scroll of magic mapping
 y - 3 scrolls of enchant weapon
 G - 2 scrolls of holy word
 I - 3 scrolls of teleportation
Potions
 d - 5 potions of haste
 g - 5 potions of might
 h - a potion of resistance
 k - 3 potions of brilliance
 n - 3 potions of flight
 r - 3 potions of mutation
 u - 3 potions of invisibility
 v - 2 potions of berserk rage
 C - 4 potions of curing
 F - 9 potions of ambrosia
 M - a potion of magic {unknown}


   Skills:
 + Level 14.0 Fighting
 + Level 12.6 Long Blades
 - Level 7.8 Maces & Flails
 - Level 9.0 Dodging
 - Level 9.0 Stealth
 - Level 11.4 Spellcasting
 - Level 12.8 Conjurations
 - Level 2.0 Hexes
 - Level 2.0 Translocations
 * Level 7.2 Air Magic
 - Level 13.0 Evocations


You had one spell level left.
You knew the following spells:

 Your Spells              Type           Power      Damage    Failure   Level
a - Magic Dart            Conj           100%       1d8       1%          1
b - Searing Ray           Conj           100%       2d8       1%          2
c - Fulminant Prism       Conj/Hex       23%        3d13      1%          4
d - Iskenderun's Mystic   Conj/Tloc      47%        2d10      1%          4
e - Lightning Bolt        Conj/Air       28%        1d44      1%          5
f - Conjure Ball Lightni  Conj/Air       28%        3x3d8     4%          6
g - Maxwell's Capacitive  Air            23%        ∞         99%         8
h - Orb of Destruction    Conj           32%        9d10      8%          7

Your spell library contained the following spells:

 Spells                   Type           Power      Damage    Failure   Level
 Fireball                 Conj/Fire      21%        3d10      3%          5
 Foxfire                  Conj/Fire      100%       2x1d9     1%          1
 Freeze                   Ice            52%        1d7       1%          1
 Apportation              Tloc           44%        N/A       3%          1
 Animate Skeleton         Necr           26%        N/A       7%          1
 Summon Small Mammal      Summ           52%        N/A       7%          1
 Poisonous Vapours        Pois/Air       58%        N/A       1%          2
 Conjure Flame            Conj/Fire      42%        6-21      1%          3
 Dazzling Flash           Conj/Hex       94%        N/A       1%          3
 Mephitic Cloud           Conj/Pois/Air  43%        N/A       1%          3
 Flame Wave               Conj/Fire      42%        2d9       1%          4
 Hailstorm                Conj/Ice       42%        3d10      1%          4
 Iskenderun's Battlesphe  Conj           64%        2d11      1%          5
 Corpse Rot               Necr/Air       58%        N/A       2%          2
 Inner Flame              Hex/Fire       17%        N/A       3%          3
 Frozen Ramparts          Ice            26%        1d4       5%          3
 Ignite Poison            Fire/Tmut/Pois 13%        N/A       5%          3
 Call Imp                 Summ           13%        N/A       10%         2
 Summon Lightning Spire   Summ/Air       29%        N/A       16%         4
 Iron Shot                Conj/Erth      21%        9d5       19%         6
 Ozocubu's Armour         Ice            13%        N/A       21%         3
 Animate Dead             Necr           6%         N/A       54%         4
 Spellforged Servitor     Conj/Summ      21%        N/A       67%         7
 Metabolic Englaciation   Hex/Ice        8%         N/A       77%         5
 Borgnjor's Vile Clutch   Necr/Erth      6%         N/A       88%         5
 Eringya's Noxious Bog    Tmut/Pois      6%         N/A       91%         6
 Death Channel            Necr           6%         N/A       100%        6
 Simulacrum               Ice/Necr       6%         N/A       100%        6
 Ozocubu's Refrigeration  Ice            6%         4d6       100%        7
 Storm Form               Tmut/Air       14%        N/A       100%        7


Dungeon Overview and Level Annotations

Branches:
Dungeon (15/15)            Temple (1/1) D:6            Lair (6/6) D:11
 Shoals (2/4) Lair:2       Spider (2/4) Lair:4        Slime (1/5) Lair:5
    Orc (2/2) D:9             Elf (0/3) Orc:2        Vaults (0/5) D:13
 Depths (0/4) D:15         Bailey (visited)           IceCv (visited)
Volcano (visited)

Altars:
Ashenzari
Cheibriados
Dithmenos
Elyvilon
Fedhas
Gozag
Hepliaklqana
Kikubaaqudgha
Makhleb
Nemelex Xobeh
Okawaru
Qazlal
Ru
Sif Muna
Trog
Uskayaw
Vehumet
Wu Jian
Xom
Yredelemnul
Zin
The Shining One
Beogh
Jiyva

Shops:
D:8 *   D:10 :   Orc:1 *[[   Orc:2 *=:[[[([

Annotations:
D:3 2 transporters, Clownsaurus's ghost, amateur HOFi
D:4 2 runed translucent doors, pkoi's ghost, amateur DgAr
D:5 Blork the orc
D:7 1 transporter
D:12 3 runed translucent doors, aChris07's ghost, journeyman MiBe
D:13 1 runed translucent door
Shoals:1 Frances; Mlioglotl; Nikola
Spider:1 Donald
Spider:2 Louise


Innate Abilities, Weirdness & Mutations

You can breathe blasts of scalding, opaque steam.
Your pale cyan-grey scales are hard. (AC +9)
You cannot fit into any form of body armour.
You are cold-blooded and may be slowed by cold attacks.
You are immune to the effects of steam.
Your tail ends in a venomous barb.
You have supernaturally acute eyesight. (SInv)
You possess an exceptional clarity of mind.


Message History

Confirm with . or Enter, or press ? or * to list all spells.
Really blast near your river rat?
Okay, then.
Okay, then.
You feel much better.
Donald hits you with a +1 scimitar of electrocution.
Donald blocks your river rat's attack. You block Donald's attack.
You feel much better. Donald hits you but does no damage.
Donald blocks your river rat's attack.
Unknown command.
You can't do that yet.
You catch the helpless Donald completely off-guard!
You slice Donald!!
Donald is severely wounded.
Donald says, "You're really ugly.
Did you know that?" You block Donald's attack.
Unknown command.
You completely miss Donald. Donald blocks your attack.
Donald is severely wounded.
You have got your breath back.
Donald hits you with a +1 scimitar of electrocution.
Donald blocks your river rat's attack.
You hit Donald. You drain Donald.
Your tail-slap misses Donald.
Donald is almost dead.
Donald hits you with a +1 scimitar of electrocution!!
Your river rat barely misses Donald.
Donald says, "They wouldn't let me join their adventuring club without the Orb."
Donald hits you but does no damage. Donald blocks your attack.
You tail-slap Donald, but do no damage.
Donald is almost dead.
Donald hits you with a +1 scimitar of electrocution.
Your river rat closely misses Donald.
Unknown command.
You swap places.
Donald hits you with a +1 scimitar of electrocution!!
* * * LOW HITPOINT WARNING * * *
Your river rat bites Donald but does no damage.
Unknown command.
Donald hits you with a +1 scimitar of electrocution!
You die...

###.##...##......#..###...##.
##.#.#.....#......#...#..#.###
#....##.#....######.####.####.
##....[.###.....# ###..#.# ###
##.##..##...#..### ###..## #..
#...#..##...##...# #...^.# #..
###.(##..###..#r^####...### ##.
###.#..##......##@...#...#### #..
#^#....####....#@.#.###.....####.
#.....##^...#..[#...#........# ##
##^##..#....#.#..##....####.## #
#####...###########..^...### #
#....## ####...# ## ###..#.#
#..## #. #...#### ##..# #. ##..##
#..#### ## #....# ###.....#


You could see Donald (fast, strong, drained, ally target) and a friendly river
rat.

Vanquished Creatures
  Gastronok (D:8)
  Agnes (D:15)
  An emperor scorpion (Spider:1)
  Azrael (D:14)
  Snorg (D:11)
  Harold (D:7)
  A rakshasa (D:15)
  Fannar (Lair:1)
  13 hydras
  A merfolk avatar (Shoals:2)
  6 two-headed ogres
  4 catoblepae
  2 boulder beetles
  2 dancing weapons
  A jorogumo (Spider:1)
  7 centaur warriors
  6 death yaks
  7 orc high priests (Orc:2)
  2 tengu warriors
  Urug (Lair:1)
  2 pharaoh ants (Spider:1)
  The ghost of ShadowYui the Severer, a novice MiFi (D:8)
  3 sea snakes (Shoals:1)
  A storm dragon skeleton (D:14)
  3 lindwurms
  A steelbarb worm (Spider:1)
  3 orc knights
  A wizard (D:14)
  Pikel (D:6)
  6 deep elf pyromancers
  11 ugly things
  11 wolf spiders (Spider:1)
  7 cyclopes
  5 orc sorcerers
  2 necromancers
  An oklob plant (Lair:2)
  2 manticores
  A cyclops (shapeshifter) (D:14)
  2 merfolk sirens
  2 ice statues (IceCv)
  Joseph (D:8)
  5 black mambas
  4 gargoyles
  17 elephants
  3 torpor snails
  Maggie (D:7)
  18 cane toads
  2 naga magi (D:15)
  A demonic crawler (Spider:1)
  3 rime drakes
  2 freezing wraiths
  13 komodo dragons
  2 kobold demonologists (Temple)
  A tengu conjurer (D:13)
  Psyche (D:8)
  2 ice devils (D:12)
  2 efreet
  2 unseen horrors (D:12)
  An anaconda simulacrum (IceCv)
  A polar bear (shapeshifter) (D:13)
  A queen bee (Spider:1)
  10 merfolk
  6 meliai (Spider:1)
  9 tarantellas
  9 trolls
  A tarantella (shapeshifter) (D:12)
  A hornet (D:8)
  A wind drake (Shoals:2)
  9 polar bears (Lair:6)
  16 blink frogs
  4 slime creatures
  A wolf spider simulacrum (D:14)
  6 raiju (Lair:6)
  11 culicivoras (Spider:1)
  6 jumping spiders
  2 vampires
  Sigmund (D:5)
  6 basilisks
  58 yaks
  4 shadows
  Eustachio (D:5)
  7 wyverns
  A human (D:9)
  3 fire elementals
  3 steam dragons
  8 vampire mosquitoes
  A death yak simulacrum (IceCv)
  10 redbacks
  Menkaure (D:5)
  12 wargs
  10 water moccasins
  Duvessa (D:7)
  14 hell hounds
  5 acid dragons
  A meliai simulacrum (D:15)
  37 orc warriors
  A swamp drake (Lair:6)
  A sky beast (D:5)
  2 ice beasts (D:5)
  13 black bears
  2 necrophages
  A hornet zombie (D:14)
  14 ogres
  12 centaurs
  32 wolves
  11 bullfrogs
  3 lemures
  2 kobold brigands
  A cane toad simulacrum (IceCv)
  2 scorpions
  9 gnoll sergeants
  A water moccasin zombie (D:3)
  Dowan (D:6)
  A water moccasin skeleton (D:4)
  17 wights
  27 killer bees
  5 howler monkeys
  10 electric eels
  3 lava snakes
  2 bullfrog zombies (D:6)
  4 centaur zombies
  7 hounds
  34 orc priests
  3 centaur skeletons
  A bullfrog skeleton (D:5)
  A gnoll shaman (D:10)
  15 iguanas
  Terence (D:2)
  A polar bear simulacrum (IceCv)
  23 orc wizards
  A howler monkey zombie (D:9)
  8 adders
  51 gnolls
  A shadow imp (D:4)
  An ufetubus (D:4)
  104 orcs
  7 ball pythons
  4 bats
  8 endoplasms
  5 giant cockroaches
  13 hobgoblins
  8 jackals (D:10)
  12 kobolds
  3 quokkas
  2 frilled lizards
  9 goblins
  24 rats
  A spectral orc (D:8)
  2 bushes (Lair:6)
1012 creatures vanquished.

Vanquished Creatures (collateral kills)
  A broodmother (Spider:1)
  A moth of wrath (Spider:1)
  A basilisk (Lair:2)
  A water moccasin (Lair:2)
4 creatures vanquished.

Vanquished Creatures (others)
  An elephant (Lair:6)
  9 ball lightnings
  6 bushes
  12 fulminant prisms
  76 fungi
  116 plants
  2 starspawn tentacles (Shoals:1)
  2 withered plants (D:8)
224 creatures vanquished.

Grand Total: 1240 creatures vanquished

Notes
Turn   | Place    | Note
-------+----------+-------------------------------------------
     0 | D:1      | Zeld the Draconian Conjurer began the quest for the Orb.
     0 | D:1      | Reached XP level 1. HP: 14/14 MP: 3/3
   103 | D:1      | Found a faded altar of an unknown god.
   325 | D:1      | Reached XP level 2. HP: 22/22 MP: 1/5
  1072 | D:1      | Learned a level 2 spell: Searing Ray
  1273 | D:2      | Reached skill level 1 in Fighting
  1273 | D:2      | Reached XP level 3. HP: 23/28 MP: 1/6
  1645 | D:2      | Identified the +11 tower shield of Bad Feelings {Contam rC+
                  | rN++ Int+2}
  1930 | D:2      | Reached XP level 4. HP: 36/36 MP: 3/7
  2352 | D:2      | Learned a level 4 spell: Iskenderun's Mystic Blast
  2489 | D:2      | Reached skill level 2 in Fighting
  2765 | D:2      | Noticed Terence
  2778 | D:2      | Killed Terence
  2882 | D:2      | Reached XP level 5. HP: 41/41 MP: 9/9
  3298 | D:3      | Found a transporter.
  3298 | D:3      | Found a transporter.
  3305 | D:3      | Identified the +9 spear "Undertaker" {elec, +Blink rC+
                  | SInv}
  3307 | D:3      | Noticed Clownsaurus's ghost (amateur HOFi)
  3487 | D:3      | Reached skill level 1 in Long Blades
  3487 | D:3      | Reached XP level 6. HP: 50/50 MP: 10/10
  3520 | D:3      | Learned a level 4 spell: Fulminant Prism
  4169 | D:4      | Reached skill level 1 in Translocations
  4183 | D:3      | Reached skill level 5 in Conjurations
  4245 | D:4      | Reached skill level 3 in Fighting
  4361 | D:4      | Your scales start taking on a pale cyan-grey colour.
  4361 | D:4      | Reached XP level 7. HP: 46/57 MP: 3/12
  4361 | D:4      | Gained mutation: You are immune to the effects of steam.
                  | [Pale Draconian growth]
  4559 | D:4      | Reached skill level 1 in Hexes
  5352 | D:4      | Found a large runed translucent door.
  5352 | D:4      | Found a large runed translucent door.
  5356 | D:4      | Noticed pkoi's ghost (amateur DgAr)
  5464 | D:5      | Entered Level 5 of the Dungeon
  5478 | D:5      | Reached skill level 1 in Evocations
  5563 | D:5      | Found a glowing golden altar of the Shining One.
  5746 | D:5      | Reached skill level 4 in Fighting
  5746 | D:5      | Reached XP level 8. HP: 66/66 MP: 14/14
  5851 | D:5      | Found a burning altar of Makhleb.
  5863 | D:5      | Noticed Menkaure
  5880 | D:5      | Killed Menkaure
  6210 | D:5      | Noticed Sigmund
  6431 | D:5      | Noticed Eustachio
  6439 | D:5      | Killed Eustachio
  6581 | D:5      | Found a hide-covered altar of Uskayaw.
  6581 | D:5      | Noticed Blork the orc
  6655 | D:5      | Killed Sigmund
  6656 | D:5      | Reached skill level 5 in Fighting
  6786 | D:5      | Reached XP level 9. HP: 69/74 MP: 16/16
  7345 | D:6      | Reached skill level 5 in Spellcasting
  7751 | D:6      | Found a staircase to the Ecumenical Temple.
  7753 | D:6      | Noticed a kobold demonologist
  7756 | D:6      | Noticed a kobold demonologist
  7760 | Temple   | Entered the Ecumenical Temple
  7818 | Temple   | Became a worshipper of Vehumet
  7880 | Temple   | Killed a kobold demonologist
  8208 | Temple   | Killed a kobold demonologist
  8209 | Temple   | Reached skill level 6 in Fighting
  8209 | Temple   | Reached skill level 5 in Long Blades
  8313 | D:6      | Reached skill level 5 in Evocations
  8984 | D:7      | Noticed Pikel
  9030 | D:6      | Killed Pikel
  9030 | D:6      | Reached * piety under Vehumet
  9030 | D:6      | Offered knowledge of Shock by Vehumet.
  9031 | D:6      | Reached XP level 10. HP: 22/84 MP: 4/18
 10173 | D:7      | Noticed Maggie
 10209 | D:7      | Killed Maggie
 10334 | D:7      | Noticed Dowan
 10335 | D:7      | Noticed Harold
 10336 | D:7      | Noticed Duvessa
 10544 | D:7      | Killed Duvessa
 10711 | D:6      | Killed Dowan
 11021 | D:7      | Killed Harold
 11022 | D:7      | Reached skill level 7 in Fighting
 11592 | D:7      | Found a sparkling altar of Nemelex Xobeh.
 11592 | D:7      | Found a transporter.
 11592 | D:7      | Noticed a green ugly thing
 11872 | D:8      | Found Veesat's General Store.
 11883 | D:8      | Found a runed translucent door.
 11884 | D:8      | Bought a scroll of enchant armour for 120 gold pieces
 11884 | D:8      | Bought a wand of iceblast (7) for 176 gold pieces
 12086 | D:8      | Reached skill level 5 in Stealth
 12248 | D:8      | Found a flagged portal.
 12258 | Bailey   | Entered a bailey
 12626 | Bailey   | Reached ** piety under Vehumet
 12715 | Bailey   | Offered knowledge of Scorch by Vehumet.
 13692 | Bailey   | Reached XP level 11. HP: 59/92 MP: 20/20
 13962 | Bailey   | Noticed an orc knight
 13989 | Bailey   | Killed an orc knight
 14204 | D:8      | Reached skill level 8 in Fighting
 14204 | D:8      | Reached skill level 5 in Dodging
 14204 | D:8      | Reached XP level 12. HP: 103/103 MP: 21/23
 14376 | D:8      | Noticed Gastronok
 14395 | D:8      | Killed Gastronok
 14558 | D:8      | Noticed Psyche
 14568 | D:8      | Killed Psyche
 14569 | D:8      | Reached skill level 9 in Fighting
 14571 | D:8      | Noticed Joseph
 14925 | D:8      | Killed Joseph
 15277 | D:8      | Found a basalt altar of Yredelemnul.
 15620 | D:8      | Noticed ShadowYui's ghost (novice MiFi)
 15660 | D:8      | Killed ShadowYui's ghost
 15986 | D:9      | Found a staircase to the Orcish Mines.
 16181 | D:9      | Noticed a two-headed ogre
 16207 | D:9      | Killed a two-headed ogre
 16433 | D:9      | Offered knowledge of Ignite Poison by Vehumet.
 16629 | D:9      | Reached *** piety under Vehumet
 17925 | D:9      | Noticed a two-headed ogre
 17933 | D:9      | Killed a two-headed ogre
 18330 | D:10     | Entered Level 10 of the Dungeon
 18345 | D:10     | Offered knowledge of Airstrike by Vehumet.
 19255 | D:10     | Identified the +6 whip of Naurch {spect, rCorr Dex+3
                  | Stlth+}
 19256 | D:10     | Reached skill level 10 in Fighting
 19256 | D:10     | Reached skill level 10 in Conjurations
 19256 | D:10     | Reached XP level 13. HP: 113/113 MP: 25/25
 19273 | D:10     | Reached **** piety under Vehumet
 19932 | D:10     | Found Lawn's Book Shoppe.
 20021 | D:10     | Offered knowledge of Freezing Cloud by Vehumet.
 20237 | D:10     | Found a stormy altar of Qazlal.
 21420 | D:11     | Noticed Snorg
 21442 | D:11     | Killed Snorg
 21822 | D:11     | Reached skill level 1 in Maces & Flails
 21822 | D:11     | Reached XP level 14. HP: 84/122 MP: 26/26
 22128 | D:11     | Found a staircase to the Lair.
 22357 | Lair:1   | Entered Level 1 of the Lair of Beasts
 22359 | Lair:1   | Noticed Urug
 22376 | Lair:1   | Killed Urug
 22785 | Lair:1   | Noticed Fannar
 22804 | Lair:1   | Killed Fannar
 23113 | Lair:1   | Reached skill level 10 in Evocations
 23287 | Lair:1   | You fall into a shaft and drop 1 floor!
 24546 | Lair:2   | Reached skill level 11 in Fighting
 26062 | Lair:2   | Identified the +6 spear "Jarilor" {holy, Int+3}
 26344 | Lair:2   | Found a staircase to the Shoals.
 26769 | Lair:2   | Found a blossoming altar of Fedhas.
 27924 | Lair:2   | Reached skill level 10 in Long Blades
 31988 | Lair:3   | Reached ***** piety under Vehumet
 32122 | Lair:4   | Offered knowledge of Olgreb's Toxic Radiance by Vehumet.
 32132 | Lair:4   | Found a hole to the Spider Nest.
 33052 | Lair:4   | Reached XP level 15. HP: 43/132 MP: 4/28
 34103 | Lair:5   | Reached skill level 10 in Spellcasting
 34447 | Lair:5   | Found a viscous altar of Jiyva.
 34448 | Lair:5   | Found a staircase to the Slime Pits.
 34614 | Lair:5   | Reached skill level 5 in Maces & Flails
 35441 | Lair:5   | Reached skill level 12 in Fighting
 36186 | Lair:6   | Entered Level 6 of the Lair of Beasts
 37580 | Orc:1    | Entered Level 1 of the Orcish Mines
 37694 | Orc:1    | Found a dark tunnel.
 37699 | Volcano  | Entered a volcano
 38018 | Orc:1    | Found Fulay's Armour Boutique.
 38141 | Orc:1    | Found Cyekal's Assorted Antiques.
 38311 | Orc:1    | Offered knowledge of Ozocubu's Refrigeration by Vehumet.
 38507 | Orc:1    | Found Igrenyv's Antique Armour Shoppe.
 38565 | Orc:1    | Bought a distressingly furry buckler for 161 gold pieces
 38565 | Orc:1    | Identified the +2 buckler of Solemn New Discoveries {Harm
                  | SInv} (You bought it in a shop on level 1 of the Orcish
                  | Mines)
 38589 | Orc:2    | Entered Level 2 of the Orcish Mines
 38592 | Orc:2    | Found Pustrats's General Store.
 38681 | Orc:2    | Found Repehi's Armour Boutique.
 38709 | Orc:2    | Bought a scroll of brand weapon for 260 gold pieces
 38709 | Orc:2    | Bought a potion of ambrosia for 104 gold pieces
 38709 | Orc:2    | Bought a potion of ambrosia for 104 gold pieces
 38709 | Orc:2    | Bought a scroll of amnesia for 45 gold pieces
 38709 | Orc:2    | Bought a scroll of holy word for 97 gold pieces
 38709 | Orc:2    | Bought a potion of mutation for 104 gold pieces
 38709 | Orc:2    | Bought a potion of mutation for 104 gold pieces
 38910 | Orc:2    | Found Ybaexio's Antique Armour Shop.
 38998 | Orc:2    | Bought a runed kite shield for 157 gold pieces
 39024 | Orc:2    | Found Siosor's Armour Shop.
 39241 | Orc:2    | Found a staircase to the Elven Halls.
 39392 | Orc:2    | Learned a level 7 spell: Ozocubu's Refrigeration
 39544 | Orc:2    | Offered knowledge of Conjure Ball Lightning by Vehumet.
 39553 | Orc:2    | Learned a level 6 spell: Conjure Ball Lightning
 39665 | Orc:2    | Found Velul Riloq's Book Boutique.
 39665 | Orc:2    | Found Jithetal's Jewellery Shoppe.
 39671 | Orc:2    | Bought a book of the Sky for 704 gold pieces
 39885 | Orc:2    | Found Pioleupu's Antique Armour Boutique.
 39885 | Orc:2    | Found Luickeem's Antique Weapon Shoppe.
 40512 | Slime:1  | Entered Level 1 of the Pits of Slime
 40675 | Lair:6   | Reached XP level 16. HP: 128/141 MP: 6/30
 41154 | Lair:6   | Offered knowledge of Lightning Bolt by Vehumet.
 41161 | Lair:6   | Learned a level 5 spell: Lightning Bolt
 41168 | Lair:6   | Learned a level 6 spell: Conjure Ball Lightning
 41176 | Lair:6   | Learned a level 7 spell: Storm Form
 41480 | Lair:6   | Gained mutation: You expend magic power (3 MP) to
                  | strengthen your wands. [potion of mutation]
 41480 | Lair:6   | Gained mutation: Your flesh is cold resistant. (rC+)
                  | [potion of mutation]
 41506 | Lair:6   | Reached skill level 1 in Air Magic
 41685 | Lair:6   | HP: 6/141 [fire dragon/blast of flame (34)]
 42215 | D:12     | Learned a level 8 spell: Maxwell's Capacitive Coupling
 42222 | D:12     | Found a frozen archway.
 42244 | IceCv    | Entered an ice cave
 42472 | IceCv    | Found a transporter.
 42479 | IceCv    | Found a transporter.
 42960 | D:12     | Found a runed translucent gate.
 42961 | D:12     | Found a runed translucent gate.
 42961 | D:12     | Found a runed translucent gate.
 42970 | D:12     | Noticed aChris07's ghost (journeyman MiBe)
 43815 | D:12     | Reached skill level 13 in Fighting
 44427 | D:13     | Found a gate to the Vaults.
 44430 | D:13     | Got the Reference Book on Cankerous Stolen Souls
 44667 | D:13     | Identified the +0 glaive "Imyabb" {vorpal, rElec Int+3}
 44731 | D:13     | Found a runed translucent door.
 45172 | D:13     | Offered knowledge of Orb of Destruction by Vehumet.
 45181 | D:13     | Learned a level 7 spell: Orb of Destruction
 45552 | D:14     | Noticed Azrael
 45572 | D:14     | Killed Azrael
 45885 | D:14     | Found a burning altar of Makhleb.
 46996 | D:15     | Entered Level 15 of the Dungeon
 47732 | D:15     | Noticed Agnes
 47764 | D:15     | Killed Agnes
 48267 | D:15     | Learned a level 7 spell: Orb of Destruction
 48486 | D:15     | Found a staircase to the Depths.
 48895 | Shoals:1 | Entered Level 1 of the Shoals
 49194 | Shoals:1 | Noticed Frances
 49556 | Shoals:1 | Identified the +0 pair of gloves of Compression {rElec
                  | Str+2 Stlth+}
 49556 | Shoals:1 | Noticed Nikola
 49579 | Shoals:1 | Noticed Mlioglotl
 49584 | Shoals:1 | Noticed a tentacled starspawn
 49588 | Shoals:1 | Noticed a tentacled starspawn
 49768 | Orc:1    | Bought the +2 ratskin cloak {*Rats rPois rN+ Str-1 Int-1
                  | Dex+1} for 389 gold pieces
 49768 | Orc:1    | Found the +2 ratskin cloak {*Rats rPois rN+ Str-1 Int-1
                  | Dex+1}
 50040 | Spider:1 | Entered Level 1 of the Spider Nest
 50051 | Spider:1 | Reached XP level 17. HP: 135/150 MP: 20/32
 50644 | Shoals:2 | Reached skill level 5 in Air Magic
 51108 | Spider:1 | Lost mutation: Your flesh is cold resistant. (rC+) [potion
                  | of mutation]
 51108 | Spider:1 | Lost mutation: You expend magic power (3 MP) to strengthen
                  | your wands. [potion of mutation]
 51108 | Spider:1 | Gained mutation: Your muscles are strong. (Str +2) [potion
                  | of mutation]
 51108 | Spider:1 | Gained mutation: You have large cloven feet. [potion of
                  | mutation]
 51109 | Spider:1 | Lost mutation: Your muscles are strong. (Str +2) [potion of
                  | mutation]
 51109 | Spider:1 | Lost mutation: You have large cloven feet. [potion of
                  | mutation]
 51109 | Spider:1 | Gained mutation: You have hidden genetic defects. [potion
                  | of mutation]
 51109 | Spider:1 | Gained mutation: You expend magic power (3 MP) to
                  | strengthen your wands. [potion of mutation]
 51109 | Spider:1 | Gained mutation: You are agile. (Dex +2) [potion of
                  | mutation]
 51110 | Spider:1 | Lost mutation: You are agile. (Dex +2) [potion of mutation]
 51110 | Spider:1 | Lost mutation: You expend magic power (3 MP) to strengthen
                  | your wands. [potion of mutation]
 51110 | Spider:1 | Lost mutation: You have hidden genetic defects. [potion of
                  | mutation]
 51110 | Spider:1 | Gained mutation: Your tail ends in a venomous barb. [potion
                  | of mutation]
 51110 | Spider:1 | Gained mutation: You possess an exceptional clarity of
                  | mind. [potion of mutation]
 51110 | Spider:1 | Gained mutation: You have supernaturally acute eyesight.
                  | (SInv) [potion of mutation]
 52020 | Spider:1 | Offered knowledge of Fireball by Vehumet.
 52285 | Spider:1 | Reached skill level 14 in Fighting
 53228 | Spider:2 | Noticed Donald
 53228 | Spider:2 | Noticed Louise
 53250 | Spider:1 | Mangled by Donald

Illustrated notes

Levels and vault maps discovered:
D:1:      beargit_arrival_greenhouse, layout_loops_ring,
          chequers_ecumenical_altar_island
D:2:      layout_basic, minmay_rat_hole, uniq_terence
D:3:      layout_basic, gammafunk_ghost_gnarly_gnolls
D:4:      layout_cave_pools, ebering_ghost_disaster_area
D:5:      layout_loops_ring, lemuel_crystal_altar, nicolae_uskayaw_dance_hall,
          mainiacjoe_overflow_six_doors_small, serial_co_window_serial,
          co_window_paths_a, co_window_cross_1, co_window_paths_a,
          co_window_paths_a, co_window_paths_a, co_window_unsneaky_path_d,
          co_window_broadway_b, co_window_broadway_a, co_window_paths_e,
          glass_columns_b, glass_columns_a, glass_columns_b, glass_columns_b,
          uniq_sigmund, uniq_blork_the_orc, uniq_eustachio, uniq_menkaure
D:6:      layout_basic, minmay_temple_entry_waves, minmay_strange_pillars,
          dk_rats_in_the_wall
D:7:      layout_gridville, grunt_nemelex_the_gamble, uniq_maggie, uniq_duvessa,
          uniq_pikel, uniq_harold
D:8:      layout_layer_cave, yredelemnul_forgotten_temple_becter, serial_shops,
          shop, enter_bailey_4, gammafunk_ghost_grave, uniq_joseph,
          uniq_gastronok, uniq_psyche
D:9:      layout_basic, orc_0_dummy, nrook_uturn, grunt_potential
D:10:     layout_cave_pools, mainiacjoe_overflow_catwalk, serial_gnoll_camp,
          gnoll_camp_mini_hut, gnoll_camp_mini_hut, gnoll_camp_mini_basic,
          gnoll_camp_huts_moat, gnoll_camp_mini_shop, gnoll_camp_mini_doghouse
D:11:     layout_roguey, grunt_lair_entry_orc_guard_hut, st_stairs_2, uniq_snorg
D:12:     cheibrodos_barr_body, layout_irregular_city, gammafunk_ghost_spectres,
          portal_ice_cave_demonic_guard, nicolae_figureground_pulse
D:13:     layout_loops_ring, erik_vaults_1, kennysheep_treasure_room
D:14:     layout_roguey [special_room_orc], serial_aquarium,
          aquarium_bridge_long_separate [aquarium_subvault_balcony,
          aquarium_subvault_balcony, aquarium_subvault_bridge,
          aquarium_subvault_window, aquarium_subvault_bridge,
          aquarium_subvault_bridge], aquarium_window_corner, aquarium_window_1,
          aquarium_view_2g, aquarium_balcony_3a, aquarium_pool_1,
          bloody_makhleb, uniq_azrael
D:15:     grunt_enter_depths_magical_seal, layout_rooms,
          minmay_misc_feat_nine_boxes, uniq_agnes
Temple:   compressed_dpeg_circular_temple
Lair:1:   layout_cellular_growth, serial_rivers, chequers_serial_rivers_small_b,
          chequers_serial_rivers_marsh, chequers_serial_rivers_marsh,
          chequers_serial_rivers_small_a, chequers_serial_rivers_small_a,
          grunt_forest_small_clearing_treed, serial_bayou_shore_b, uniq_urug,
          uniq_fannar
Lair:2:   nzn_winding_woodlands_three_and_one
          [nzn_winding_woodlands_5x15_sidewinder,
          nzn_winding_woodlands_5x15_split_checker,
          nzn_winding_woodlands_5x15_concentric,
          nzn_winding_woodlands_center_pierced_h], layout_big_grid,
          elwin_shoals_entry_stream, fungi_pond_lemuel, tgw_fedhas,
          infiniplex_staircase_pool_2
Lair:3:   layout_roguey, nicolae_lair_liquid_snakes, lemuel_fruit_tree
Lair:4:   layout_cave_pods, spider_nest_entry_web_field
Lair:5:   layout_regular_city, slime_altar_1, chequers_serial_rivers_room_b,
          grunt_megastairs_1
Lair:6:   guppyfry_lair_end_dragon, layout_cave_pods,
          hangedman_lair_caniforms_friends, minmay_hedge_maze
Shoals:1: layout_shoals, uniq_mlioglotl, uniq_kirke, uniq_frances, uniq_nikola
Shoals:2: layout_shoals, nicolae_shoals_wave_tunnel
Spider:1: layout_spider_delve, special_room [special_room_bee], drop_trap
Spider:2: layout_spider_delve, uniq_donald, uniq_louise
Slime:1:  layout_caves
Orc:1:    layout_diamond_mine, enter_volcano_4, basic_altar, serial_shops, shop,
          shop, nicolae_lakefront_shop
Orc:2:    st_orc_town, layout_diamond_mine, serial_shops,
          nicolae_shop_temple_entry_statues_fountains, shop,
          nicolae_shop_crystal, nicolae_shop_behind_doors,
          nicolae_orc_crystal_geode

Skill      XL: |  1  2  3  4  5  6  7  8  9 10 11 12 13 14 15 16 17 |
---------------+----------------------------------------------------+-----
Dodging        | 2 3 4 5 6 7 8 9 |  9.0
Fighting       | 1 2 3 4 5 6 7 8 10 11 12 13 14 | 14.0
Stealth        | 2 3 4 5 6 7 8 9 |  9.0
Spellcasting   | 3 4 5 6 7 8 9 10 11 | 11.4
Long Blades    | 1 2 3 5 6 7 9 10 11 12 | 12.6
Translocations | 1 2 |  2.0
Conjurations   | 5 6 7 8 9 10 11 12 | 12.8
Hexes          | 1 2 |  2.0
Evocations     | 1 3 5 6 7 9 10 12 13 | 13.0
Maces & Flails | 1 4 6 7 |  7.8
Air Magic      | 4 7 |  7.2

Action                   |  1- 3 |  4- 6 |  7- 9 | 10-12 | 13-15 | 16-18 || total
-------------------------+-------+-------+-------+-------+-------+-------++-------
Melee: Unarmed           |     7 |    27 |       |       |       |       ||    34
       Tailslap          |     1 |     6 |    11 |    21 |    99 |    90 ||   228
       Long sword        |       |    57 |    92 |   197 |   538 |   503 ||  1387
       Punch             |       |     1 |     1 |     2 |     9 |       ||    13
       Whip              |       |       |       |       |     1 |     1 ||     2
 Cast: Magic Dart        |    40 |    16 |       |     5 |     5 |     6 ||    72
       Searing Ray       |     7 |    14 |    30 |    64 |    79 |    28 ||   222
       Iskenderun's Myst |       |       |    15 |    91 |   403 |   216 ||   725
       Fulminant Prism   |       |       |       |     3 |     3 |     6 ||    12
       Orb of Destructio |       |       |       |       |       |     4 ||     4
       Conjure Ball Ligh |       |       |       |       |       |     3 ||     3
 Abil: Breathe Steam     |       |       |    12 |    17 |    39 |    11 ||    79
Evoke: Wand              |       |       |     3 |     9 |     3 |    28 ||    43
  Use: Scroll            |       |       |       |    12 |    26 |     9 ||    47
       Potion            |       |       |       |     3 |     2 |    13 ||    18
 Stab: Distracted        |       |     1 |       |     1 |     3 |     2 ||     7
       Sleeping          |       |     2 |     3 |     5 |    21 |    24 ||    55
Armor: Skin              |    11 |    40 |    49 |    86 |   298 |   230 ||   714
Dodge: Dodged            |    18 |    78 |   120 |   233 |   601 |   423 ||  1473
Block: Buckler           |       |       |       |       |       |   117 ||   117
